AoeStats
← lacheisleuk

Arena

510351667Analyzed
3v3 RM · 2d ago on Sep 30, 2026· 57m 28s· 6 players
Game mode
Random Map
Map size
Normal (6 player)
Population
200
Speed
Normal
Resources
Standard
Victory
Conquest
Starting age
Dark Age
Ending age
Imperial Age
RankedLock teamsTeams togetherTeam positionsShared explorationLock speedFull tech treeHidden civsTurbo modeCheats
Victory
Defeat
🇹🇷 Khmer · Türkiye
1006
+34
🇳🇱 Romans · Netherlands
958
+16
🇧🇾 Turks · Belarus
941
+16
🇨🇳 Teutons · China
990
-17
🇦🇷 Sicilians · Argentina
946
-15
🇪🇸 Saxons · Spain
921
-14
lacheisleuk
2:13 Loom
12:34 Feudal Age
12:38 Feudal Age
15:45 Wheelbarrow
14:56 Horse Collar
15:05 Double-Bit Axe
19:56 Castle Age
17:43 Man-at-Arms
18:53 Scale Mail Armor
19:10 Stone Mining
19:47 Gold Mining
20:28 Fletching
22:17 Bloodlines
22:11 Squires
22:46 Crossbowman
25:11 Padded Archer Armor
25:10 Town Watch
26:10 Ballistas
26:16 Long Swordsman
28:01 Forging
28:22 Heavy Plow
28:56 Pikeman
30:18 Elite Skirmisher
31:29 Bow Saw
32:04 Gold Shaft Mining
33:03 Hand Cart
33:45 Murder Holes
34:01 Fortified Wall
34:02 Masonry
34:34 Town Patrol
40:06 Imperial Age
41:10 Conscription
42:21 Chemistry
41:46 Heavy Scorpion
42:12 Light Cavalry
42:53 Husbandry
43:38 Fervor
43:17 Capped Ram
44:27 Halberdier
45:00 Cavalier
45:37 Bodkin Arrow
45:48 Scale Barding Armor
45:33 Siege Ram
46:08 Legionary
47:56 Architecture
47:31 Siege Engineers
47:47 Ballistics
47:30 Caravan
47:40 Guilds
47:55 Sappers
49:25 Chain Mail Armor
49:45 Iron Casting
49:26 Leather Archer Armor
49:32 Chain Barding Armor
55:17 Coinage
54:40 Guard Tower
55:33 Crop Rotation
54:25 Heavy Cavalry Archer
54:28 Onager
Ezer
0:31 Loom
12:42 Feudal Age
16:36 Castle Age
15:46 Double-Bit Axe
15:54 Gold Mining
15:48 Horse Collar
27:16 Padded Archer Armor
30:06 Leather Archer Armor
29:43 Fletching
31:13 Wheelbarrow
34:09 Ballistics
33:57 Bodkin Arrow
36:05 Hand Cart
41:24 Imperial Age
38:39 Town Watch
39:46 Gold Shaft Mining
39:28 Stone Mining
39:51 Bow Saw
39:44 Heavy Plow
41:48 Masonry
41:50 Fortified Wall
41:59 Bloodlines
41:50 Husbandry
42:02 Forging
41:58 Scale Barding Armor
43:26 Iron Casting
43:52 Chain Barding Armor
45:45 Blast Furnace
46:02 Two-Man Saw
46:26 Plate Barding Armor
52:16 Ring Archer Armor
52:00 Bracer
RESTOFBLUE
11:22 Feudal Age
14:41 Castle Age
13:41 Double-Bit Axe
17:00 Husbandry
16:24 Light Cavalry
17:05 Husbandry
17:34 Gold Mining
21:29 Bloodlines
26:24 Scale Mail Armor
26:38 Forging
29:49 Scale Barding Armor
36:40 Imperial Age
34:48 Wheelbarrow
33:58 Town Watch
33:59 Loom
36:37 Bow Saw
36:14 Horse Collar
37:13 Gold Shaft Mining
37:10 Hand Cart
36:56 Town Patrol
38:01 Double Crossbow
37:54 Heavy Scorpion
42:42 Coinage
50:26 Chain Barding Armor
50:43 Iron Casting
50:39 Heavy Plow
Spartanx
9:18 Feudal Age
16:52 Castle Age
15:26 Double-Bit Axe
15:56 Horse Collar
16:53 Scale Mail Armor
17:04 Forging
25:42 Chain Mail Armor
26:03 Iron Casting
28:05 Squires
27:52 Gambesons
50:57 Bow Saw
50:50 Heavy Plow
54:04 Imperial Age
52:35 Wheelbarrow
52:15 Gold Mining
52:15 Stone Mining
55:33 Crop Rotation
55:23 Hand Cart
55:44 Ballistics
56:24 Chemistry
54:49 Capped Ram
56:15 Plate Mail Armor
56:20 Iron Casting
55:47 Padded Archer Armor
55:38 Fletching
55:36 Elite Hearth Troop
56:37 Conscription
56:22 Siege Ram
Niko0
10:54 Feudal Age
13:49 Loom
16:34 Castle Age
15:32 Horse Collar
15:41 Double-Bit Axe
17:49 Heavy Plow
18:10 Bow Saw
25:57 Wheelbarrow
25:07 Town Watch
26:02 Forging
28:10 First Crusade
28:26 Squires
28:14 Arson
29:46 Iron Casting
29:12 Scale Mail Armor
29:33 Hand Cart
32:44 Chain Mail Armor
34:06 Ballistics
35:33 Fletching
35:42 Murder Holes
36:00 Masonry
36:29 Husbandry
36:40 Bloodlines
35:52 Light Cavalry
37:16 Scale Barding Armor
39:45 Imperial Age
38:47 Chain Barding Armor
41:01 Hauberk
40:38 Cavalier
42:20 Conscription
43:39 Chemistry
43:20 Plate Barding Armor
42:54 Town Patrol
44:48 Onager
林北干林娘。
0:32 Loom
10:06 Feudal Age
10:44 Double-Bit Axe
19:19 Castle Age
17:06 Horse Collar
17:43 Gold Mining
19:09 Fletching
19:38 Forging
19:32 Scale Mail Armor
19:31 Fletching
20:30 Bow Saw
23:01 Elite Skirmisher
23:58 Bodkin Arrow
24:03 Padded Archer Armor
26:37 Squires
27:02 Pikeman
33:43 Imperial Age
31:35 Gambesons
32:40 Wheelbarrow
31:50 Town Watch
32:53 Heavy Plow
33:07 Forging
33:43 Hand Cart
33:29 Arson
34:37 Town Patrol
35:54 Two-Man Saw
36:42 Ballistics
39:18 Crop Rotation
38:42 Elite Teutonic Knight
40:12 Chain Mail Armor
42:13 Conscription
44:28 Iron Casting
44:23 Plate Mail Armor
43:55 Padded Archer Armor
46:16 Blast Furnace
45:12 Stone Mining
55:16 Crenellations
55:40 Fortified Wall
Connection lost

Rejoining the realm…

Still unreachable

The connection could not be restored.

Session expired

The server has moved on; the page needs a fresh start.